 Dungeon Crawl Stone Soup version 0.17-a0-719-g32c6a46 (webtiles) character file.

688 HungrySpirit the Slasher (level 7, -14/56 HPs)
             Began as a Human Berserker on Apr 19, 2015.
             Was a Priest of Trog.
             Demolished by an ogre
             ... wielding a +0 giant club
              (25 damage)
             ... on level 4 of the Dungeon.
             The game lasted 00:04:42 (3133 turns).

HungrySpirit the Slasher (Human Berserker)          Turns: 3133, Time: 00:04:43

Health: -14/56     AC:  9    Str: 19    XL:     7   Next: 94%
Magic:  7/7        EV:  8    Int:  7    God:    Trog [***...]
Gold:   113        SH:  0    Dex: 13    Spells: 0 memorised, 6 levels left

rFire  + . .     SeeInvis .     a - +0 falchion
rCold  . . .     Clarity  .     q - +0 chain mail
rNeg   . . .     SustAb   .     (no shield)
rPois  .         Gourm    .     (no helmet)
rElec  .         Spirit   .     (no cloak)
rCorr  .         Warding  .     l - +0 pair of gloves
rMut   .         Stasis   .     (no boots)
MR     .....                    (no amulet)
Stlth  ..........               i - ring of protection from fire
                                j - ring of stealth

@: exhausted, slowed, very slow, not resistant to hostile enchantments,
extremely unstealthy
A: no striking features
a: Burn Spellbooks, Berserk, Trog's Hand, Renounce Religion


You were on level 4 of the Dungeon.
You worshipped Trog.
Trog was most pleased with you.
You were near starving.

You visited 1 branch of the dungeon, and saw 4 of its levels.

You collected 113 gold pieces.

Inventory:

Hand weapons
 a - a +0 falchion (weapon)
Armour
 l - a +0 pair of gloves (worn)
 q - a +0 chain mail (worn)
 u - a +0 shield
Jewellery
 i - a ring of protection from fire (right hand)
 j - a ring of stealth (left hand)
Scrolls
 e - 2 scrolls of fog {unknown}
 f - a scroll of enchant armour {unknown}
 g - 2 scrolls of remove curse {unknown}
 k - 2 scrolls of identify {unknown}
 o - a scroll of enchant weapon {unknown}
 r - 2 scrolls of teleportation {unknown}
 s - a scroll of recharging {unknown}
 w - a scroll of immolation {unknown}
Potions
 b - a potion of haste {unknown}
 d - a potion of magic {unknown}
 h - 2 potions of might {unknown}
 m - 2 potions of curing {unknown}
 n - a potion of poison {unknown}
 p - a potion of heal wounds {unknown}
 t - 2 potions of agility {unknown}
Comestibles
 c - 3 bread rations
 v - a slice of pizza


   Skills:
 + Level 5.0 Fighting
 * Level 6.7 Long Blades
 - Level 2.0 Armour
 - Level 2.0 Dodging
 + Level 3.3 Shields


You had 6 spell levels left.
You didn't know any spells.

Dungeon Overview and Level Annotations

Branches:
Dungeon (4/15)             Temple (0/1) D:4

Altars:
Okawaru


Message History

the big kobold skeleton of Pikel Eat which item? (? for menu, Esc to quit)
You can't eat that!
You hit the ogre but do no damage.
The ogre is severely wounded.
The ogre barely misses you.
You hit the ogre.
The ogre is severely wounded.
The ogre hits you with a giant club!
* * * LOW HITPOINT WARNING * * *
Unknown command.
You hit the ogre.
The ogre is almost dead.
The ogre hits you with a giant club.
* * * LOW HITPOINT WARNING * * *
You aren't carrying any items that can be evoked.
You hit the ogre but do no damage.
The ogre is almost dead.
The ogre hits you with a giant club!!
You die...

.. . # # .##.##
.. #( .....
##.#.##.#.###.#
.............
#........###.#.
########.........
#..@Oh)..........
#.######..[....#
#.# ##.####.#
##.##### .# #
.... #......# .#
####...# #......#
.# .......#
#......# .#
.......# #......#
. .......##
#......#


You could see an ogre and a hound.

Vanquished Creatures
  Pikel (D:4)
  A slave (D:4)
  An orc wizard (D:4)
  A giant frog skeleton (D:4)
  An orc priest (D:4)
  An iguana (D:3)
  5 adders
  An ooze (D:2)
  3 worms
  4 giant geckos
  2 orcs (D:4)
  2 hobgoblins
  2 jackals (D:1)
  6 kobolds
  3 quokkas
  A ball python (D:1)
  5 bats
  3 giant cockroaches
  8 giant newts
  7 goblins
  9 rats
67 creatures vanquished.

Vanquished Creatures (others)
  A slave (D:4)
  An ooze (D:4)
2 creatures vanquished.

Grand Total: 69 creatures vanquished

Notes
Turn   | Place    | Note
--------------------------------------------------------------
     0 | D:1      | HungrySpirit, the Human Berserker, began the quest for the Orb.
     0 | D:1      | Reached XP level 1. HP: 18/18 MP: 1/1
   426 | D:1      | Reached XP level 2. HP: 21/24 MP: 2/2
   841 | D:1      | Acquired Trog's second power
  1051 | D:2      | Reached XP level 3. HP: 25/29 MP: 3/3
  1193 | D:2      | Reached skill level 4 in Long Blades
  1287 | D:2      | Found an iron altar of Okawaru.
  1613 | D:2      | Reached XP level 4. HP: 33/35 MP: 4/4
  2605 | D:3      | Reached XP level 5. HP: 37/42 MP: 5/5
  2677 | D:3      | Reached skill level 1 in Shields
  2837 | D:4      | Reached skill level 5 in Long Blades
  2844 | D:4      | Reached XP level 6. HP: 18/48 MP: 6/6
  3042 | D:4      | Found a staircase to the Ecumenical Temple.
  3073 | D:4      | Noticed a slave
  3076 | D:4      | Noticed Pikel
  3078 | D:4      | Noticed a slave
  3092 | D:4      | Noticed a slave
  3094 | D:4      | Killed a slave
  3097 | D:4      | Noticed a slave
  3109 | D:4      | Killed Pikel
  3109 | D:4      | Reached skill level 5 in Fighting
  3109 | D:4      | Reached skill level 6 in Long Blades
  3109 | D:4      | Reached XP level 7. HP: 37/56 MP: 7/7
  3125 | D:4      | Noticed an ogre
  3126 | D:4      | Killed a freed slave
  3133 | D:4      | Demolished by an ogre

Action                   |  1- 3 |  4- 6 |  7- 9 || total
-------------------------+-------+-------+-------++-------
Melee: Falchion          |    98 |   154 |     4 ||   256
Invok: Berserk           |     1 |     2 |       ||     3
 Stab: Sleeping          |       |     1 |       ||     1
  Eat: Chunk             |     2 |     5 |       ||     7
       Pizza             |     1 |       |       ||     1
